 Dungeon Crawl Stone Soup version 0.23.1 (webtiles) character file.

Game seed: 2128727436931243325

77149 Gargoyl the Cleaver (level 15, 0/126 HPs)
             Began as a Centaur Abyssal Knight on Mar 15, 2019.
             Was the Champion of Lugonu.
             Succumbed to a redback's poison
             ... on level 15 of the Dungeon.
             The game lasted 00:36:41 (27394 turns).

Gargoyl the Cleaver (Centaur Abyssal Knight)       Turns: 27394, Time: 00:36:42

Health: 0/126      AC: 29    Str: 25    XL:     15   Next: 14%
Magic:  23/23      EV:  4    Int: 13    God:    Lugonu [******]
Gold:   1319       SH:  0    Dex: 11    Spells: 14/14 levels left

rFire    + . .     SeeInvis .   a - +5 hand axe (elec)
rCold    + . .     Gourm    .   D - +0 buckler
rNeg     . . .     Faith    .   r - +3 chain mail {rC+}
rPois    .         Spirit   .   z - +2 hat
rElec    .         Reflect  .   x - +2 cloak {MR+}
rCorr    .         Harm     .   (no gloves)
MR       ++...                  e - +4 centaur barding
Stlth    ..........             L - amulet of the acrobat
HPRegen  0.31/turn              d - +3 ring of slaying
MPRegen  0.18/turn              y - +6 ring of strength

@: lethally poisoned (0 -> -6), held, very quick
A: large, hooves 3, clever 1, deformed body, fire resistance 1, speed 2, tough
skin 3
a: Depart the Abyss, Bend Space, Banish, Corrupt, Enter the Abyss, Brand Weapon
With Distortion, Renounce Religion


You were on level 15 of the Dungeon.
You worshipped Lugonu.
Lugonu was exalted by your worship.
You were not hungry.

You visited 2 branches of the dungeon, and saw 21 of its levels.
You visited the Abyss 1 time.
You also visited: Gauntlet.

You collected 1720 gold pieces.
You spent 401 gold pieces at shops.

Inventory:

Hand Weapons
 a - a +5 hand axe of electrocution (weapon)
 P - a +2 hand axe of flaming
 U - a +3 war axe of chopping
Missiles
 k - 7 silver javelins
Armour
 e - a +4 centaur barding (worn)
 g - a scarf of cloud immunity
 o - a +0 helmet
 r - a +3 chain mail of cold resistance (worn)
 x - a +2 cloak of magic resistance (worn)
 z - a +2 hat (worn)
 D - a +0 buckler (worn)
 E - a scarf of resistance
Jewellery
 d - a +3 ring of slaying (left hand)
 j - an uncursed ring of protection from magic
 y - a +6 ring of strength (right hand)
 K - an uncursed ring of protection from magic
 L - an amulet of the acrobat (around neck)
Wands
 l - a wand of random effects (26)
 n - a wand of polymorph (21)
 p - a wand of digging (1)
 q - a wand of flame (85)
 s - a wand of enslavement (17)
 B - a wand of acid (7)
 C - a wand of paralysis (31)
 G - a wand of scattershot (7)
 N - a wand of iceblast (25)
Scrolls
 i - 4 scrolls of amnesia
 m - 7 scrolls of remove curse
 u - 3 scrolls of fog
 v - 6 scrolls of identify
 w - 6 scrolls of teleportation
 A - a scroll of blinking
 V - a scroll of magic mapping
Potions
 b - 2 potions of ambrosia
 f - 11 potions of curing
 t - 5 potions of lignification
 F - 2 potions of berserk rage
 H - 3 potions of brilliance
 I - a potion of invisibility
 J - a potion of heal wounds
 M - 2 potions of mutation
 O - a potion of agility
 Q - a potion of cancellation
 R - a potion of magic
Miscellaneous
 h - a lightning rod (4/4)
 S - a box of beasts
Comestibles
 c - 28 rations


   Skills:
 + Level 9.9 Fighting
 + Level 12.8 Axes
 + Level 2.3 Throwing
 * Level 11.7 Armour
 * Level 8.0 Dodging
 + Level 3.1 Shields
 * Level 11.8 Invocations
 + Level 0.3 Evocations


You had 14 spell levels left.
You didn't know any spells.
Your spell library contained the following spells:

 Spells                   Type           Power        Failure   Level  Hunger
 Animate Skeleton         Necr           N/A          82%         1    ##.....
 Apportation              Tloc           #.....       82%         1    ##.....
 Confusing Touch          Hex            #.....       82%         1    ##.....
 Flame Tongue             Conj/Fire      #....        82%         1    ##.....
 Summon Small Mammal      Summ           #...         82%         1    ##.....
 Throw Flame              Conj/Fire      #.....       91%         2    ###....
 Conjure Flame            Conj/Fire      #.......     99%         3    ####...
 Inner Flame              Hex/Fire       #.......     99%         3    ####...
 Cause Fear               Hex            #.........   100%        4    #####..
 Sticky Flame             Conj/Fire      #.......     100%        4    #####..
 Fireball                 Conj/Fire      #.........   100%        5    ######.
 Silence                  Hex/Air        #.........   100%        5    ######.
 Yara's Violent Unravell  Hex/Tmut       #.........   100%        5    ######.
 Bolt of Fire             Conj/Fire      #.........   100%        6    #######
 Deflect Missiles         Chrm/Air       #.........   100%        6    #######
 Dragon Form              Tmut           #.........   100%        7    #######
 Discord                  Hex            #.........   100%        8    #######
 Dragon's Call            Summ           #.........   100%        9    #######


Dungeon Overview and Level Annotations

Branches:
Dungeon (15/15)            Temple (0/1) D:4            Lair (6/6) D:11
 Shoals (0/4) Lair:2        Snake (0/4) Lair:4        Slime (0/5) Lair:5
    Orc (0/2) D:9          Vaults (0/5) D:13
 Depths: D:15

Altars:
Gozag
Kikubaaqudgha
Makhleb
Nemelex Xobeh
Okawaru
Qazlal
Sif Muna
Trog
Zin
The Shining One
Jiyva

Shops:
D:9 :   D:10 [

Portals:
Trove: D:13 (give horn of Geryon)

Annotations:
D:3 1 runed translucent door


Innate Abilities, Weirdness & Mutations

You have hooves in place of feet.
Armour fits poorly on your strangely shaped body.
You cover ground very quickly.
You have extremely tough skin. (AC +3)
Your mind is acute. (Int +2)
Your flesh is heat resistant. (rF+)


Message History

The deep elf mage blinks!
The yaktaur hits you!
You hit the yaktaur. You kick the yaktaur, but do no damage.
The yaktaur is heavily wounded.
You hit the redback. You closely miss the jumping spider.
You feel sick. The jumping spider pounces on you!
* * * LOW HITPOINT WARNING * * *
The jumping spider bites you but does no damage.
You hit the yaktaur. You kick the yaktaur.
The yaktaur is severely wounded.
You slash the redback! You barely miss the jumping spider.
You feel sick. The redback closely misses you.
The jumping spider pounces on you!
* * * LOW HITPOINT WARNING * * *
You are caught in a web!
The jumping spider bites you.
* * * LOW HITPOINT WARNING * * *
The deep elf mage casts a spell.
The yaktaur hits you!
* * * LOW HITPOINT WARNING * * *
Unknown command.
You struggle to detach yourself from the web.
You die...

$ ..
#######..c
##3rr.....c
#ss3.s....c
#@cer......
#)####.#... #
#.# #.###(##
...#..###
#####.#....#
.......(.≈.#
######.##...#
.........###+


You could see a yaktaur, a deep elf mage, a sixfirhy, a smoke demon, a jumping
spider, a tarantella, a redback and 3 hell rats.

Vanquished Creatures
  Frances (D:13)
  Kirke (D:13)
  Nessos (D:13)
  A minotaur (Gauntlet)
  Snorg (Lair:5)
  Harold (D:7)
  A two-headed ogre (D:9)
  A death yak (Lair:6)
  A queen ant (Gauntlet)
  Nergalle (D:10)
  4 skeletal warriors (D:14)
  A wretched star (Gauntlet)
  A fire crab (Gauntlet)
  An unseen horror (D:12)
  A wizard (D:13)
  A deep elf archer (D:13)
  2 necromancers (D:13)
  An oklob plant (Lair:5)
  6 cyclopes
  A cyclops (shapeshifter) (D:13)
  An ugly thing (D:11)
  A deep elf mage (D:15)
  2 manticores
  A merfolk siren (Lair:2)
  14 elephants
  Maurice (D:13)
  The ghost of Peloso the Slasher, a novice MiFi (D:6)
  A gargoyle (D:12)
  A torpor snail (Lair:6)
  4 molten gargoyles (D:13)
  4 black mambas
  31 spiny frogs
  A kobold demonologist (D:9)
  8 komodo dragons
  3 yaktaurs (D:15)
  2 tengu conjurers
  A merfolk (Lair:2)
  3 trolls
  2 hornets
  A troll (shapeshifter) (D:13)
  A polar bear (Lair:6)
  5 tyrant leeches (Lair:6)
  4 slime creatures (D:10)
  6 hippogriffs
  18 blink frogs
  37 yaks
  2 wyverns
  A shadow (D:13)
  2 wraiths
  4 basilisks
  19 humans (D:13)
  A fire elemental (D:13)
  A hog (D:13)
  6 fire bats
  7 hungry ghosts
  6 vampire mosquitoes
  A neqoxec (Gauntlet)
  4 nagas (Lair:4)
  6 soldier ants
  10 water moccasins
  13 porcupines
  3 ice beasts
  A black bear (D:12)
  15 orc warriors
  2 sky beasts
  3 eyes of draining
  4 phantoms
  5 ogres
  9 wolves
  3 centaurs
  14 crocodiles
  19 bullfrogs
  A big kobold (D:13)
  2 small abominations (Gauntlet)
  5 scorpions
  3 troll zombies (D:9)
  A water moccasin skeleton (D:7)
  18 killer bees
  5 wights (D:11)
  3 howler monkeys (D:8)
  An electric eel (Lair:2)
  6 crimson imps
  2 bullfrog zombies (D:12)
  7 jellies
  3 centaur skeletons
  2 centaur zombies
  7 hounds
  12 orc priests
  Crazy Yiuf (D:7)
  4 bullfrog skeletons
  9 iguanas
  16 orc wizards
  10 worker ants
  3 ogre zombies (D:9)
  2 hound skeletons
  A worker ant zombie (D:11)
  Robin (D:2)
  8 gnolls
  13 adders
  A shadow imp (D:5)
  A white imp (Abyss:1)
  An ooze (D:2)
  An adder skeleton (D:8)
  7 worms
  3 dart slugs (D:3)
  5 leopard geckos
  67 orcs
  A ball python (D:2)
  6 giant cockroaches
  10 goblins
  12 hobgoblins
  12 jackals
  2 quokkas
  6 bats
  6 frilled lizards
  2 giant cockroach zombies
  2 goblin skeletons (D:9)
  3 goblin zombies (D:9)
  2 hobgoblin skeletons (D:9)
  6 hobgoblin zombies (D:9)
  9 kobolds
  6 orc zombies (D:9)
  6 rats
  3 fungi
  3 plants
673 creatures vanquished.

Vanquished Creatures (others)
  6 hydras
  A kobold (D:13)
  7 fungi
  41 plants
  14 withered plants (Gauntlet)
69 creatures vanquished.

Grand Total: 742 creatures vanquished

Notes
Turn   | Place    | Note
-------+----------+-------------------------------------------
     0 | Abyss:1  | Gargoyl the Centaur Abyssal Knight began the quest for the
                  | Orb.
     0 | Abyss:1  | Reached XP level 1. HP: 19/19 MP: 2/2
    63 | Abyss:1  | Noticed a ynoxinul
    64 | D:1      | Escaped the Abyss
    96 | D:1      | Reached XP level 2. HP: 26/26 MP: 3/3
   926 | D:2      | Reached skill level 2 in Axes
   938 | D:2      | Reached * piety under Lugonu
   938 | D:2      | Reached XP level 3. HP: 24/31 MP: 4/4
  1272 | D:2      | Found a sparkling altar of Nemelex Xobeh.
  1272 | D:2      | Found an opulent altar of Gozag.
  1338 | D:2      | Reached skill level 1 in Dodging
  1609 | D:2      | Reached XP level 4. HP: 36/39 MP: 5/5
  1681 | D:2      | Noticed Robin
  1696 | D:2      | Killed Robin
  1861 | D:2      | Reached ** piety under Lugonu
  2224 | D:3      | Found a faded altar of an unknown god.
  2275 | D:3      | Reached XP level 5. HP: 39/46 MP: 7/7
  2429 | D:3      | Found a runed translucent door.
  2450 | D:3      | Found a glowing silver altar of Zin.
  2450 | D:3      | Noticed an angel
  2523 | D:3      | Found a glowing golden altar of the Shining One.
  2792 | D:4      | Reached skill level 3 in Axes
  2852 | D:4      | Noticed an ogre
  2861 | D:4      | Killed an ogre
  2861 | D:4      | Reached XP level 6. HP: 33/52 MP: 8/8
  3164 | D:4      | Reached *** piety under Lugonu
  3171 | D:4      | Reached skill level 4 in Axes
  3260 | D:4      | Found a staircase to the Ecumenical Temple.
  3475 | D:5      | Entered Level 5 of the Dungeon
  3510 | D:5      | Reached XP level 7. HP: 59/59 MP: 9/9
  3816 | D:5      | Found a glowing silver altar of Zin.
  3876 | D:5      | Found an ancient bone altar of Kikubaaqudgha.
  4554 | D:6      | Reached XP level 8. HP: 64/67 MP: 11/11
  4724 | D:6      | Reached skill level 5 in Axes
  5230 | D:6      | Found a bloodstained altar of Trog.
  5231 | D:6      | Found an iron altar of Okawaru.
  5388 | D:6      | Found a runed translucent door.
  5390 | D:6      | Noticed Peloso's ghost (novice MiFi)
  5450 | D:6      | Killed Peloso's ghost
  5450 | D:6      | Reached skill level 6 in Axes
  5686 | D:7      | Reached skill level 1 in Throwing
  5700 | D:7      | Reached skill level 5 in Armour
  5745 | D:7      | Reached **** piety under Lugonu
  5745 | D:7      | Reached XP level 9. HP: 71/73 MP: 12/12
  5801 | D:7      | Reached skill level 5 in Fighting
  5856 | D:7      | Reached skill level 5 in Invocations
  6042 | D:7      | Noticed Harold
  6056 | D:7      | Killed Harold
  6056 | D:7      | Reached skill level 7 in Axes
  6797 | D:7      | Found a deep blue altar of Sif Muna.
  6797 | D:7      | Found a burning altar of Makhleb.
  6798 | D:7      | Found a stormy altar of Qazlal.
  6935 | D:7      | Found a runed translucent door.
  6936 | D:7      | Noticed Crazy Yiuf
  6943 | D:7      | Killed Crazy Yiuf
  7043 | D:8      | Reached XP level 10. HP: 56/83 MP: 14/14
  7167 | D:8      | Gained mutation: You are agile. (Dex +2) [potion of
                  | mutation]
  7167 | D:8      | Gained mutation: You expend magic power (3 MP) to
                  | strengthen your wands. [potion of mutation]
  7715 | D:8      | Reached skill level 8 in Axes
  8366 | D:9      | Found Ukick's Book Boutique.
  8449 | D:9      | Reached ***** piety under Lugonu
  8584 | D:9      | Found a staircase to the Orcish Mines.
  8976 | D:9      | Noticed a two-headed ogre
  8983 | D:9      | Killed a two-headed ogre
  9162 | D:9      | Identified the +5 war axe of Uskayaw's Whim {chop, *Corrode
                  | Int+4}
  9163 | D:9      | Noticed a manticore
  9194 | D:9      | Killed a manticore
  9280 | D:9      | Noticed a sun demon
  9288 | D:9      | Reached skill level 9 in Axes
  9433 | D:10     | Entered Level 10 of the Dungeon
 10104 | D:10     | Reached XP level 11. HP: 90/90 MP: 16/16
 10223 | D:10     | Found Abus's Armour Shoppe.
 10248 | D:10     | Noticed Nergalle
 10389 | D:10     | Killed Nergalle
 10396 | D:10     | Bought a +0 buckler for 49 gold pieces
 10396 | D:10     | Bought a scarf of resistance for 352 gold pieces
 10594 | D:10     | Reached skill level 5 in Dodging
 11531 | D:11     | Reached ****** piety under Lugonu
 11613 | D:11     | Noticed a five-headed hydra
 11619 | D:11     | Banished a five-headed hydra
 12004 | D:11     | Found a staircase to the Lair.
 12394 | D:11     | Noticed a cyan ugly thing
 12407 | D:11     | Killed a cyan ugly thing
 12530 | D:11     | Reached skill level 10 in Axes
 12598 | D:11     | Noticed a four-headed hydra
 12605 | D:11     | Banished a five-headed hydra
 12605 | D:11     | Reached skill level 1 in Shields
 12605 | D:11     | Reached XP level 12. HP: 88/100 MP: 13/18
 13087 | Lair:1   | Entered Level 1 of the Lair of Beasts
 14045 | Lair:1   | Noticed a five-headed hydra
 14064 | Lair:1   | Banished a five-headed hydra
 14668 | Lair:2   | Found a staircase to the Shoals.
 16644 | Lair:4   | Found a staircase to the Snake Pit.
 16780 | Lair:4   | Found a gate leading to a gauntlet.
 16792 | Gauntlet | Entered a Gauntlet
 16792 | Gauntlet | Found a transporter.
 16807 | Gauntlet | Found a transporter.
 16817 | Gauntlet | Found a transporter.
 16829 | Gauntlet | Noticed a queen ant
 16837 | Gauntlet | Killed a queen ant
 16837 | Gauntlet | Reached skill level 11 in Axes
 16842 | Gauntlet | Reached XP level 13. HP: 63/107 MP: 20/20
 17084 | Gauntlet | Found a transporter.
 17084 | Gauntlet | Found a transporter.
 17087 | Gauntlet | Found a transporter.
 17107 | Gauntlet | Found a transporter.
 17121 | Gauntlet | Found a transporter.
 17138 | Gauntlet | Found a transporter.
 17348 | Gauntlet | Found a transporter.
 17396 | Gauntlet | Lost mutation: You expend magic power (3 MP) to strengthen
                  | your wands. [potion of mutation]
 17396 | Gauntlet | Lost mutation: You are agile. (Dex +2) [potion of mutation]
 17396 | Gauntlet | Gained mutation: Your mind is acute. (Int +2) [potion of
                  | mutation]
 17396 | Gauntlet | Gained mutation: Your flesh is heat resistant. (rF+)
                  | [potion of mutation]
 17423 | Gauntlet | Found a transporter.
 17425 | Gauntlet | Found a transporter.
 17460 | Gauntlet | Noticed a minotaur
 17471 | Gauntlet | Killed a minotaur
 17471 | Gauntlet | Reached skill level 10 in Armour
 17542 | Lair:4   | Found a dark tunnel.
 18641 | Lair:5   | Found a staircase to the Slime Pits.
 18642 | Lair:5   | Found a viscous altar of Jiyva.
 18651 | Lair:5   | Reached skill level 10 in Invocations
 19855 | Lair:6   | Entered Level 6 of the Lair of Beasts
 19870 | Lair:6   | Noticed Snorg
 20278 | Lair:5   | Killed Snorg
 21116 | Lair:6   | Reached skill level 12 in Axes
 21478 | Lair:6   | Reached XP level 14. HP: 77/116 MP: 21/21
 24278 | D:13     | Noticed Nessos
 24290 | D:13     | Killed Nessos
 24546 | D:13     | Noticed Kirke
 24569 | D:13     | Killed Kirke
 24698 | D:13     | Found a portal to a secret trove of treasure.
 24841 | D:13     | Noticed Maurice
 24859 | D:13     | Killed Maurice
 24906 | D:13     | Noticed Frances
 24923 | D:13     | Killed Frances
 25632 | D:13     | Found a gate to the Vaults.
 25782 | D:13     | Got a polished falchion
 25783 | D:13     | Identified the +1 falchion "Zunkiem" {slice, rF+++ Str+3
                  | Dex-5 SInv} (You found it on level 13 of the Dungeon)
 26222 | D:13     | Reached XP level 15. HP: 126/126 MP: 23/23
 27239 | D:15     | Entered Level 15 of the Dungeon
 27393 | D:15     | HP: 1/126 [yaktaur (8)]
 27394 | D:15     | Succumbed to a redback's poison

Skill      XL: |  1  2  3  4  5  6  7  8  9 10 11 12 13 14 15 |
---------------+----------------------------------------------+-----
Axes           | 2 3 4 6 7 9 10 11 12 | 12.8
Dodging        | 1 2 3 4 5 6 7 8 |  8.0
Armour         | 2 4 5 7 8 9 10 11 | 11.7
Invocations    | 3 4 6 7 8 9 10 11 | 11.8
Fighting       | 4 5 6 7 8 9 |  9.9
Throwing       | 1 2 |  2.3
Shields        | 1 2 3 |  3.1
Evocations     | |  0.3

Action                   |  1- 3 |  4- 6 |  7- 9 | 10-12 | 13-15 || total
-------------------------+-------+-------+-------+-------+-------++-------
Melee: Hand axe          |    74 |   150 |   278 |   632 |   797 ||  1931
       Kick              |     9 |    31 |    79 |   236 |   295 ||   650
Throw: Tomahawk          |       |     2 |       |       |       ||     2
       Javelin           |       |       |     6 |    12 |    17 ||    35
Invok: Depart the Abyss  |     1 |       |       |       |       ||     1
       Bend Space        |       |       |     2 |       |       ||     2
       Banish            |       |       |       |     4 |     8 ||    12
Evoke: Wand              |       |       |     2 |       |       ||     2
  Use: Scroll            |     5 |     5 |     7 |    17 |    15 ||    49
       Potion            |       |       |       |     1 |     7 ||     8
 Stab: Distracted        |       |       |       |       |     1 ||     1
  Eat: Chunk             |       |     5 |     8 |    16 |    18 ||    47
       Ration            |       |       |     2 |     5 |     5 ||    12
Armor: Leather armour    |    40 |       |       |       |       ||    40
       Ring mail         |    21 |    61 |       |       |       ||    82
       Chain mail        |       |    79 |   186 |   475 |   579 ||  1319
Dodge: Dodged            |    33 |    45 |    44 |   156 |   420 ||   698
Block: Buckler           |       |       |       |    61 |   136 ||   197
